[Event "Titled Tuesday Blitz April 4 Late 2023"]
[White "Torres Hernandez, Leslie Carolin"]
[Black "Prydun, Andriy"]
[WhiteFideId "8400504"]
[BlackFideId "14145898"]
[WhiteElo "1920"]
[BlackElo "2164"]
[Result "0-1"]
[Round "04"]
[TimeControl "180+2"]
[Date "2023.04.04"]
[WhiteClock "0:00:07"]
[BlackClock "0:00:20"]

1. e4 d6 2. d4 Nf6 3. Nc3 Nfd7 4. Be3 Nc6 5. Bc4 Nb6 6. Bb3 g6 7. Nge2 Na5 8. O-O Bg7 9. Qd3 O-O 10. Rad1 Bd7 11. f4 Bg4 12. h3 Be6 13. Bxe6 fxe6 14. b3 Rc8 15. Ng3 a6 16. f5 exf5 17. exf5 Qe8 18. fxg6 Qxg6 19. Nf5 Rce8 20. Nxg7 Qxd3 21. Rxd3 Rxf1+ 22. Kxf1 Kxg7 23. Ke2 d5 24. Bf4 Rc8 25. Rg3+ Kf7 26. Kd3 Nc6 27. a4 Nb4+ 28. Kd2 Nc6 29. Kd3 e6 30. Rg5 Nd7 0-1


[Site "https://www.chess.com"]

[Event "Titled Tuesday Blitz April 4 Late 2023"]
[White "Chabris, Christopher"]
[Black "Romero Pallares, Daniel"]
[WhiteFideId "2005263"]
[BlackFideId "32025637"]
[WhiteElo "2230"]
[BlackElo "2195"]
[Result "0-1"]
[Round "04"]
[TimeControl "180+2"]
[Date "2023.04.04"]
[WhiteClock "0:00:12"]
[BlackClock "0:00:34"]

1. e4 g6 2. d4 Bg7 3. Nc3 d6 4. Be3 a6 5. Nf3 b5 6. Bd3 Bb7 7. Qd2 Nd7 8. h4 h6 9. a4 b4 10. Ne2 c5 11. c3 bxc3 12. bxc3 cxd4 13. cxd4 Ngf6 14. Ng3 Ng4 15. Bf4 e5 16. dxe5 dxe5 17. Be3 Nxe3 18. Qxe3 Qa5+ 19. Nd2 Nc5 20. Bc2 Rd8 21. Ke2 Ne6 22. Nb3 Qc7 23. Rac1 Nf4+ 24. Kf3 O-O 25. h5 Qe7 26. Nf1 f5 27. g3 fxe4+ 28. Bxe4 Nd5+ 0-1


[Site "https://www.chess.com"]

[Event "Titled Tuesday Blitz April 4 Late 2023"]
[White "Antonova, Nadezhda"]
[Black "Gasparyan, David"]
[WhiteFideId "14700182"]
[BlackFideId "13311980"]
[WhiteElo "1765"]
[BlackElo "2469"]
[Result "1-0"]
[Round "04"]
[TimeControl "180+2"]
[Date "2023.04.04"]
[WhiteClock "0:00:06"]
[BlackClock "0:00:16"]

1. Nf3 Nf6 2. b3 c5 3. Bb2 e6 4. g3 Be7 5. Bg2 O-O 6. O-O d6 7. c4 Nc6 8. d4 cxd4 9. Nxd4 Bd7 10. Nc3 Nxd4 11. Qxd4 Bc6 12. e4 Qa5 13. Rad1 Rfd8 14. Rfe1 Rac8 15. h3 Bf8 16. Qe3 h6 17. Rd2 Qc5 18. Qe2 a6 19. Red1 b5 20. cxb5 axb5 21. e5 Bxg2 22. Kxg2 Ne8 23. Qxb5 d5 24. Qxc5 Bxc5 25. Na4 Ba7 26. Bd4 Bxd4 27. Rxd4 Rc2 28. R1d2 Rdc8 29. Nb2 R8c3 30. Nd1 Rc6 31. Ne3 Rxd2 32. Rxd2 Ra6 33. a4 Rb6 34. Rb2 d4 35. Nc2 d3 36. Nd4 Nc7 37. f4 Nd5 38. Kf3 Rb4 39. Nb5 d2 40. Ke2 Ne3 41. Kxd2 Nf1+ 42. Kc3 Re4 43. a5 Re3+ 44. Kb4 Nxg3 45. a6 Rd3 46. a7 Rd8 47. Nc7 Nh5 48. a8=Q Rxa8 49. Nxa8 Nxf4 50. Ka5 Nd3 51. Rb1 Nxe5 52. b4 f5 53. b5 f4 54. b6 f3 55. b7 Nd7 56. Rd1 f2 57. Rf1 g6 58. Rxf2 Kg7 59. Nb6 Nb8 60. Rc2 e5 61. Rc8 e4 62. Rxb8 e3 63. Re8 e2 64. Rxe2 h5 65. b8=Q Kh6 66. Qf4+ g5 67. Re6+ Kh7 68. Qf5+ Kh8 69. Qf6+ Kh7 70. Qf7+ Kh8 71. Re8# 1-0


[Site "https://www.chess.com"]

[Event "Titled Tuesday Blitz April 4 Late 2023"]
[White "LuckyMajky"]
[Black "MClarke95"]
[WhiteElo "2469"]
[BlackElo "2203"]
[Result "0-1"]
[Round "04"]
[TimeControl "180+2"]
[Date "2023.04.04"]
[WhiteClock "0:00:03"]
[BlackClock "0:00:10"]

1. Nf3 Nf6 2. c4 e6 3. g3 d5 4. Bg2 d4 5. e3 c5 6. exd4 cxd4 7. O-O Nc6 8. d3 Be7 9. Re1 O-O 10. a3 a5 11. b3 Nd7 12. Bf4 Re8 13. Ne5 Ndxe5 14. Bxe5 f6 15. Bf4 e5 16. Bd2 Be6 17. Qc2 Bc5 18. Qb2 Qe7 19. f4 Ra6 20. Bxc6 bxc6 21. fxe5 fxe5 22. Rxe5 Qf6 23. Rxc5 Qf3 24. Re5 Bh3 25. Rxe8+ Kf7 26. Rf8+ Kxf8 27. Bb4+ axb4 28. Qf2 Qxf2+ 29. Kxf2 c5 30. Kf3 Bf5 31. Kf4 Bxd3 32. Nd2 Rxa3 33. Re1 Ra2 34. Nf3 Rf2 35. g4 Be2 36. Rxe2 Rxe2 37. Ng5 h6 38. Ne4 d3 39. Kf3 Rxe4 0-1


[Site "https://www.chess.com"]

[Event "Titled Tuesday Blitz April 4 Late 2023"]
[White "Djordjevic, Dejan N"]
[Black "Mazurkiewicz, Michal"]
[WhiteFideId "913316"]
[BlackFideId "1124943"]
[WhiteElo "2261"]
[BlackElo "2054"]
[Result "1-0"]
[Round "04"]
[TimeControl "180+2"]
[Date "2023.04.04"]
[WhiteClock "0:01:53"]
[BlackClock "0:00:02"]

1. e4 d6 2. d4 Nf6 3. Nc3 c6 4. g3 e5 5. Nge2 Be7 6. Bg2 O-O 7. h3 b5 8. O-O b4 9. Nb1 Nbd7 10. c3 bxc3 11. Nbxc3 Bb7 12. Kh2 d5 13. exd5 cxd5 14. dxe5 Nxe5 15. Nd4 Bc5 16. Re1 Qb6 17. Na4 Neg4+ 18. hxg4 Qb4 19. Nxc5 Qxc5 20. Be3 Qb4 21. g5 Ne4 22. Qb3 Qe7 23. Nf5 Qd7 24. Bh3 Qc7 25. Rac1 Qb6 26. Bxb6 axb6 27. Qxb6 1-0


[Site "https://www.chess.com"]

[Event "Titled Tuesday Blitz April 4 Late 2023"]
[White "Jovic, Stanoje"]
[Black "Svicevic, Rastko"]
[WhiteFideId "905020"]
[BlackFideId "916315"]
[WhiteElo "2236"]
[BlackElo "2071"]
[Result "1-0"]
[Round "04"]
[TimeControl "180+2"]
[Date "2023.04.04"]
[WhiteClock "0:00:52"]
[BlackClock "0:00:02"]

1. c4 c6 2. e4 d5 3. exd5 cxd5 4. cxd5 Nf6 5. Qa4+ Bd7 6. Qb3 Qb6 7. Bc4 Na6 8. d4 Rc8 9. Ne2 Qb4+ 10. Nd2 b5 11. Bd3 g6 12. O-O Bh6 13. Ne4 Bxc1 14. Nxf6+ exf6 15. Rfxc1 O-O 16. Qa3 Rxc1+ 17. Rxc1 Qd2 18. Qc3 Qg5 19. f4 Qxd5 20. Qa5 Bc8 21. Rxc8 Rxc8 22. Qxa6 Re8 23. Qxb5 Qe6 24. h3 Qe3+ 25. Kh2 g5 26. Qf5 1-0


[Site "https://www.chess.com"]

[Event "Titled Tuesday Blitz April 4 Late 2023"]
[White "Kornyukov, Alexey"]
[Black "liwadas82"]
[WhiteFideId "4150457"]
[WhiteElo "2352"]
[BlackElo "2463"]
[Result "0-1"]
[Round "04"]
[TimeControl "180+2"]
[Date "2023.04.04"]
[WhiteClock "0:00:03"]
[BlackClock "0:00:21"]

1. d4 Nf6 2. c4 e6 3. Nc3 Bb4 4. f3 O-O 5. e4 Ne8 6. Ne2 f5 7. a3 Bxc3+ 8. Nxc3 fxe4 9. fxe4 Nc6 10. Be3 Nd6 11. Be2 b6 12. Qd2 Ba6 13. b3 Qh4+ 14. g3 Qh3 15. O-O-O Na5 16. Kc2 Rab8 17. Bf4 Qg2 18. Rdg1 Qh3 19. Rf1 Qg2 20. Rfg1 Qh3 21. Bf1 Qh5 22. Bd3 b5 23. c5 Ndc4 24. bxc4 bxc4 25. Be2 Qg6 26. Rb1 Rb3 27. Rxb3 Nxb3 28. Qe3 Rb8 0-1


[Site "https://www.chess.com"]

[Event "Titled Tuesday Blitz April 4 Late 2023"]
[White "Olsson, William"]
[Black "Baruch, Liam"]
[WhiteFideId "1741721"]
[BlackFideId "14322064"]
[WhiteElo "2197"]
[BlackElo "2161"]
[Result "1-0"]
[Round "04"]
[TimeControl "180+2"]
[Date "2023.04.04"]
[WhiteClock "0:00:31"]
[BlackClock "0:00:19"]

1. c4 e6 2. g3 d5 3. Nf3 Nf6 4. Bg2 Be7 5. O-O O-O 6. b3 c5 7. cxd5 Nxd5 8. Bb2 Nc6 9. Nc3 Bf6 10. Rc1 b6 11. Qc2 Bb7 12. Rfd1 Ndb4 13. Qb1 Ba6 14. d3 Rc8 15. a3 Nd5 16. Nxd5 exd5 17. d4 Bxe2 18. Re1 Bxf3 19. Bxf3 Nxd4 20. Bg2 Bg5 21. Rcd1 Bf6 22. b4 Qd7 23. h4 Rfd8 24. Qa2 Qf5 25. Re3 Nc2 26. Rf3 Qe6 27. Bxf6 Nxb4 28. axb4 gxf6 29. bxc5 Rxc5 30. Qxa7 Rdc8 31. Rfd3 Rc1 32. Bxd5 Rxd1+ 33. Rxd1 Qe8 34. Qxb6 Rd8 35. Qxd8 1-0


[Site "https://www.chess.com"]

[Event "Titled Tuesday Blitz April 4 Late 2023"]
[White "Santos Flores, Alberto"]
[Black "Michalski, Olaf"]
[WhiteFideId "3601234"]
[BlackFideId "1106740"]
[WhiteElo "2235"]
[BlackElo "2173"]
[Result "1-0"]
[Round "04"]
[TimeControl "180+2"]
[Date "2023.04.04"]
[WhiteClock "0:00:37"]
[BlackClock "0:00:01"]

1. d4 d6 2. e4 Nc6 3. Be3 Nf6 4. Nc3 e5 5. d5 Nb8 6. Bd3 Be7 7. Nce2 c6 8. c4 Ng4 9. Bc1 Qb6 10. Nh3 h6 11. Ng3 Bh4 12. Qf3 Qb4+ 13. Kf1 Bxg3 14. hxg3 Nf6 15. Qe2 Nbd7 16. Be3 Nc5 17. a3 Qb3 18. Bxc5 dxc5 19. Qc2 Qxc2 20. Bxc2 O-O 21. Ng1 Bd7 22. Nf3 Rfe8 23. Ke2 cxd5 24. cxd5 Bb5+ 25. Bd3 c4 26. Bc2 c3+ 27. Bd3 Bxd3+ 28. Kxd3 c2 29. Nd2 Rac8 30. Rac1 Ng4 31. Rhf1 f5 32. f3 Nf6 33. Rxc2 Rxc2 34. Kxc2 fxe4 35. fxe4 Rc8+ 36. Kd3 1-0


[Site "https://www.chess.com"]

[Event "Titled Tuesday Blitz April 4 Late 2023"]
[White "Saya, Ethan"]
[Black "Krasteva, Beloslava"]
[WhiteFideId "26095181"]
[BlackFideId "2922029"]
[WhiteElo "2189"]
[BlackElo "2187"]
[Result "0-1"]
[Round "04"]
[TimeControl "180+2"]
[Date "2023.04.04"]
[WhiteClock "0:00:34"]
[BlackClock "0:00:19"]

1. g3 c5 2. Bg2 Nc6 3. Nf3 d5 4. d4 e6 5. c4 Nf6 6. O-O Be7 7. dxc5 Bxc5 8. Bg5 O-O 9. cxd5 exd5 10. Nc3 Be6 11. Rc1 Be7 12. Nb5 h6 13. Be3 Qa5 14. a4 Rfd8 15. Bc5 Bxc5 16. Rxc5 Qb4 17. Rc1 Qxb2 18. Nfd4 Nxd4 19. Qxd4 Qxd4 20. Nxd4 Rac8 21. Rxc8 Rxc8 22. Rb1 b6 23. a5 bxa5 24. f3 a4 25. Rb7 a5 26. Ra7 Rc5 27. Rb7 a3 28. Rb1 Rc4 29. Nb5 a2 30. Ra1 Rb4 31. Nc3 d4 32. Nxa2 Ra4 0-1


[Site "https://www.chess.com"]

[Event "Titled Tuesday Blitz April 4 Late 2023"]
[White "Manu_ChessExcelsior"]
[Black "Kukula, Pawel"]
[BlackFideId "1115081"]
[WhiteElo "2141"]
[BlackElo "2012"]
[Result "1-0"]
[Round "04"]
[TimeControl "180+2"]
[Date "2023.04.04"]
[WhiteClock "0:00:30"]
[BlackClock "0:00:37"]

1. e4 c5 2. g3 g6 3. Bg2 Bg7 4. d3 d6 5. f4 e6 6. Nf3 Ne7 7. O-O Nbc6 8. c3 Rb8 9. Be3 b5 10. Bf2 b4 11. d4 bxc3 12. bxc3 cxd4 13. cxd4 d5 14. e5 O-O 15. Re1 h5 16. h3 f6 17. exf6 Bxf6 18. Ne5 Nxe5 19. dxe5 Bg7 20. Bxa7 Rb2 21. Bd4 Rb8 22. Nd2 Nf5 23. Bf2 Bd7 24. Nb3 Ba4 25. Rb1 Bxb3 26. Rxb3 Qa5 27. Qb1 Ra8 28. Re2 Rfc8 29. Reb2 Kh7 30. Rb7 Qa3 31. g4 hxg4 32. hxg4 Nh6 33. f5 exf5 34. gxf5 Nxf5 35. Bxd5 Ra4 36. R2b3 Rg4+ 37. Kh2 Qe7 38. Rh3+ Nh6 39. Rxe7 1-0


[Site "https://www.chess.com"]

[Event "Titled Tuesday Blitz April 4 Late 2023"]
[White "lolliNOPE"]
[Black "QuiesPrecatio"]
[WhiteElo "2135"]
[BlackElo "2457"]
[Result "0-1"]
[Round "04"]
[TimeControl "180+2"]
[Date "2023.04.04"]
[WhiteClock "0:00:10"]
[BlackClock "0:00:18"]

1. e4 c6 2. d4 d5 3. Nc3 dxe4 4. Nxe4 Nf6 5. Nxf6+ exf6 6. Nf3 Bd6 7. Bd3 Be6 8. O-O Nd7 9. b3 h5 10. Bb2 h4 11. c4 h3 12. g3 Qa5 13. Re1 O-O 14. Bf1 Bg4 15. Qd3 Rfe8 16. Bc3 Qh5 17. Nd2 Bf5 18. Qf3 Bg4 19. Qd3 Nf8 20. Re3 Rxe3 21. Qxe3 Bd7 22. Qf3 Qxf3 23. Nxf3 a5 24. a4 b6 25. Re1 Ne6 26. Bxh3 Nxd4 27. Nxd4 Bxh3 28. Nxc6 Kf8 29. Nd4 Rd8 30. Rd1 Be7 31. Rd2 Ke8 32. Ne2 Rxd2 33. Bxd2 Bg4 34. Nc3 Bb4 35. Ne4 Bxd2 36. Nxd2 Kd7 37. f3 Bf5 38. Kf2 Kc6 39. Ke3 Kc5 40. Ne4+ Kb4 41. Kd4 Bxe4 42. fxe4 Kxb3 43. c5 bxc5+ 44. Kxc5 Kxa4 45. Kc4 Ka3 46. Kc3 a4 47. g4 g5 48. h3 Ka2 49. Kc2 a3 50. Kc1 Kb3 51. Kb1 Kc4 52. Ka2 Kd4 53. Kxa3 Kxe4 54. Kb3 Kf4 55. Kc4 Kg3 56. Kd4 Kxh3 57. Ke4 Kxg4 58. Ke3 f5 59. Kf2 f4 0-1


[Site "https://www.chess.com"]

[Event "Titled Tuesday Blitz April 4 Late 2023"]
[White "Rizzo, Tobias"]
[Black "Tarnowska, Aleksandra"]
[WhiteFideId "30942691"]
[BlackFideId "1180967"]
[WhiteElo "2457"]
[BlackElo "1776"]
[Result "1-0"]
[Round "04"]
[TimeControl "180+2"]
[Date "2023.04.04"]
[WhiteClock "0:01:12"]
[BlackClock "0:00:04"]

1. d4 d5 2. Bf4 Nf6 3. e3 c6 4. Bd3 Qb6 5. Nd2 Bg4 6. f3 Bh5 7. Ne2 Nbd7 8. O-O Bg6 9. b3 Bxd3 10. cxd3 e6 11. Rc1 Ba3 12. Rc2 O-O 13. Nb1 Be7 14. g4 Rac8 15. Qd2 c5 16. dxc5 Bxc5 17. d4 Bd6 18. Rfc1 Rxc2 19. Rxc2 Bxf4 20. Nxf4 e5 21. dxe5 Nxe5 22. Kg2 h6 23. Nc3 Rd8 24. Ncxd5 Nfxg4 25. fxg4 Nxg4 26. Nxb6 Rxd2+ 27. Rxd2 Nxe3+ 28. Kf3 axb6 1-0


[Site "https://www.chess.com"]

[Event "Titled Tuesday Blitz April 4 Late 2023"]
[White "Dzida, Kamil"]
[Black "Oliveira, Tiago Batista"]
[WhiteFideId "21828652"]
[BlackFideId "2108291"]
[WhiteElo "2139"]
[BlackElo "1962"]
[Result "1-0"]
[Round "04"]
[TimeControl "180+2"]
[Date "2023.04.04"]
[WhiteClock "0:01:46"]
[BlackClock "0:00:39"]

1. e4 c5 2. Nf3 Nc6 3. b3 Nf6 4. e5 Nd5 5. Bb2 Qc7 6. Bc4 e6 7. O-O Be7 8. Bxd5 exd5 9. Nc3 d4 10. Nd5 Qb8 11. c3 O-O 12. cxd4 cxd4 13. Nxd4 Bc5 14. Nf5 Nxe5 15. Qh5 f6 16. Nde7+ Bxe7 17. Nxe7+ Kh8 18. Bxe5 Qxe5 19. Ng6+ 1-0


[Site "https://www.chess.com"]

[Event "Titled Tuesday Blitz April 4 Late 2023"]
[White "Steenbekkers, Franck"]
[Black "Golubev, Mikhail"]
[WhiteFideId "1004220"]
[BlackFideId "14100983"]
[WhiteElo "1951"]
[BlackElo "2374"]
[Result "0-1"]
[Round "04"]
[TimeControl "180+2"]
[Date "2023.04.04"]
[WhiteClock "0:01:24"]
[BlackClock "0:00:35"]

1. e4 c5 2. Nf3 d6 3. d4 cxd4 4. Nxd4 Nf6 5. Nc3 a6 6. Be2 g6 7. Bg5 Bg7 8. O-O O-O 9. Qd2 Nc6 10. Nxc6 bxc6 11. Bh6 Bxh6 12. Qxh6 Rb8 13. Rab1 Qa5 14. Bd3 Be6 15. f4 Rxb2 16. Rxb2 Qxc3 17. Rb7 Nxe4 18. h3 Nc5 19. Rxe7 Nxd3 20. cxd3 Qxd3 21. Rc1 Qe3+ 22. Kh2 Qxc1 23. f5 Qxh6 0-1


[Site "https://www.chess.com"]

[Event "Titled Tuesday Blitz April 4 Late 2023"]
[White "tandercat"]
[Black "WindWhistler11"]
[WhiteElo "1937"]
[BlackElo "2453"]
[Result "0-1"]
[Round "04"]
[TimeControl "180+2"]
[Date "2023.04.04"]
[WhiteClock "0:00:05"]
[BlackClock "0:00:19"]

1. d4 Nf6 2. c4 e6 3. Nc3 c5 4. d5 exd5 5. cxd5 Bd6 6. e4 O-O 7. Bd3 Re8 8. Nge2 a6 9. a4 Bc7 10. O-O d6 11. h3 Nbd7 12. f4 Rb8 13. Ng3 Nf8 14. Bd2 Bd7 15. Nge2 b5 16. axb5 axb5 17. Be1 c4 18. Bc2 b4 19. Na4 Nxe4 20. Bxe4 Rxe4 21. Ng3 Re8 22. f5 Qf6 23. Nh5 Qe5 24. f6 g6 25. Ng7 Rec8 26. Bh4 Bxa4 27. Rxa4 Qxb2 28. Rf2 Bb6 29. Qf3 Bxf2+ 30. Bxf2 c3 31. Ra7 c2 32. Ne6 c1=Q+ 33. Kh2 Rc2 0-1


[Site "https://www.chess.com"]

[Event "Titled Tuesday Blitz April 4 Late 2023"]
[White "Vargas, Mauricio"]
[Black "Romkachess"]
[WhiteFideId "4404572"]
[WhiteElo "1998"]
[BlackElo "2444"]
[Result "0-1"]
[Round "04"]
[TimeControl "180+2"]
[Date "2023.04.04"]
[WhiteClock "0:00:01"]
[BlackClock "0:00:04"]

1. e4 c5 2. b3 g6 3. Bb2 Nf6 4. e5 Nd5 5. e6 f6 6. c4 Nf4 7. Qg4 Nxe6 8. Bd3 d5 9. cxd5 Qxd5 10. Bb5+ Bd7 11. Bc4 Qf5 12. Qe2 Nf4 13. Qf1 Bc6 14. Nf3 Nxg2+ 15. Qxg2 Bxf3 16. Qg3 Qe4+ 17. Kf1 Bxh1 18. Bb5+ Nc6 19. Nc3 Qf5 20. Re1 O-O-O 21. Bxc6 bxc6 22. Na4 Qd3+ 0-1


[Site "https://www.chess.com"]

[Event "Titled Tuesday Blitz April 4 Late 2023"]
[White "mohsengabr2002"]
[Black "Burke, Paul"]
[BlackFideId "2605767"]
[WhiteElo "2444"]
[BlackElo "1853"]
[Result "0-1"]
[Round "04"]
[TimeControl "180+2"]
[Date "2023.04.04"]
[WhiteClock "0:00:15"]
[BlackClock "0:00:12"]

1. g3 a6 2. f3 d6 3. e3 g6 4. d3 Nd7 5. c3 Bg7 6. Nh3 h6 7. Nf2 e5 8. Bg2 Ne7 9. O-O O-O 10. d4 f5 11. e4 Kh7 12. d5 f4 13. gxf4 exf4 14. Bh3 Ne5 15. Bxc8 Qxc8 16. Kh1 g5 17. Rg1 N7g6 18. Na3 Nh4 19. Nc2 Nexf3 20. Qd3 Kh8 21. b3 Qe8 22. h3 Qh5 23. Bb2 Ne5 24. Qd1 Qxd1 25. Raxd1 Nhf3 26. Rgf1 Rae8 27. c4 Nh4 28. Bxe5 Bxe5 29. Nd4 Bxd4 30. Rxd4 Nf3 31. Rdd1 Ne5 32. Rc1 Rf7 33. c5 Ref8 34. Rc3 h5 35. Rg1 Rg7 36. cxd6 cxd6 37. b4 g4 38. a4 g3 39. Nd3 f3 40. Nxe5 f2 41. Nf3 fxg1=Q+ 42. Kxg1 Rgf7 43. Kg2 Rg8 44. h4 Rg4 45. Ng5 Rf2+ 46. Kg1 Rb2 47. Rf3 Rxb4 48. Kg2 Rb2+ 49. Kg1 g2 50. Nh3 Rb1+ 51. Kh2 Rh1# 0-1


[Site "https://www.chess.com"]

[Event "Titled Tuesday Blitz April 4 Late 2023"]
[White "Porat, Tori"]
[Black "ArchibaldCerveza29"]
[WhiteFideId "30982626"]
[WhiteElo "1752"]
[BlackElo "2441"]
[Result "1-0"]
[Round "04"]
[TimeControl "180+2"]
[Date "2023.04.04"]
[WhiteClock "0:00:07"]
[BlackClock "0:00:07"]

1. d4 d5 2. c4 e6 3. Nc3 Nf6 4. Nf3 c6 5. Bg5 Nbd7 6. e3 Qa5 7. cxd5 Nxd5 8. Rc1 Bb4 9. Qb3 c5 10. a3 Bxc3+ 11. bxc3 O-O 12. Bd3 b6 13. O-O Bb7 14. c4 N5f6 15. Be2 Ne4 16. Bf4 Rfd8 17. d5 Nf8 18. Rfd1 Rac8 19. Ne5 exd5 20. cxd5 Nd2 21. Qa2 Rxd5 22. e4 Nxe4 23. Rxd5 Nc3 24. Rxc3 Qxc3 25. Rd1 Ne6 26. Bf3 Bxf3 27. Nxf3 Nxf4 28. h3 Qf6 29. Rd7 a6 30. Qd2 Ne6 31. Rd6 1-0


[Site "https://www.chess.com"]

[Event "Titled Tuesday Blitz April 4 Late 2023"]
[White "Diaz Perez, Michel Alejandro"]
[Black "Kujawski, Adam"]
[WhiteFideId "3517179"]
[BlackFideId "1100920"]
[WhiteElo "2334"]
[BlackElo "2054"]
[Result "1-0"]
[Round "04"]
[TimeControl "180+2"]
[Date "2023.04.04"]
[WhiteClock "0:01:11"]
[BlackClock "0:00:03"]

1. Nf3 d5 2. c4 d4 3. e3 Nc6 4. b4 dxe3 5. fxe3 Nxb4 6. d4 e5 7. Nxe5 Bf5 8. Na3 Nf6 9. Be2 Ne4 10. O-O Nc3 11. Qd2 Nxe2+ 12. Qxe2 Bg6 13. Qf3 f6 14. Nxg6 hxg6 15. Qxb7 Bd6 16. h3 Rb8 17. Qe4+ Kf7 18. Nb5 Re8 19. Qf3 a6 20. Nxd6+ cxd6 21. Bd2 Qd7 22. Rab1 Nxa2 23. e4 a5 24. Bxa5 Qa4 25. Bc7 Rxb1 26. Rxb1 Qc2 27. Rb7 Nc3 28. Ba5+ Kg8 29. Bxc3 Rxe4 30. Kh2 Kh7 31. d5 Re2 32. Bxf6 1-0


[Site "https://www.chess.com"]

[Event "Titled Tuesday Blitz April 4 Late 2023"]
[White "Veiga, Jose Francisco R P Neves"]
[Black "Vifleemskaia, Svetlana"]
[WhiteFideId "1930087"]
[BlackFideId "4129490"]
[WhiteElo "2320"]
[BlackElo "1930"]
[Result "1-0"]
[Round "04"]
[TimeControl "180+2"]
[Date "2023.04.04"]
[WhiteClock "0:00:52"]
[BlackClock "0:00:01"]

1. e4 e5 2. Nc3 Nf6 3. Bc4 c6 4. d4 d5 5. exd5 exd4 6. Qxd4 Bb4 7. Bg5 Qe7+ 8. Ne2 O-O 9. O-O-O Bc5 10. Bxf6 gxf6 11. Qh4 Bf5 12. Ng3 Bg6 13. dxc6 Nxc6 14. Nd5 Qe5 15. Qxf6 Qxf6 16. Nxf6+ Kg7 17. Nd7 Bxf2 18. Nxf8 Rxf8 19. Rd7 Ne5 20. Bb5 Nxd7 21. Bxd7 Rd8 22. Rd1 Be3+ 23. Kb1 Kf8 24. Bg4 Rxd1+ 25. Bxd1 Ke7 26. Bf3 b6 27. b4 Kd6 28. Kb2 Ke5 29. c4 Kd4 30. Kb3 Bd3 31. Bd5 f5 32. a4 a6 33. Be6 b5 34. cxb5 axb5 35. a5 f4 36. Nh5 Bc4+ 37. Bxc4 bxc4+ 38. Kc2 Kd5 39. Nf6+ Kc6 40. Ne4 Kb5 41. Kc3 h6 42. Nd6+ Ka6 43. Nxc4 Bg1 44. h3 Bf2 45. Nd6 1-0


[Site "https://www.chess.com"]

[Event "Titled Tuesday Blitz April 4 Late 2023"]
[White "Ai, Evan"]
[Black "Annaberdiyev, Meylis"]
[WhiteFideId "2094770"]
[BlackFideId "14000563"]
[WhiteElo "1963"]
[BlackElo "2416"]
[Result "0-1"]
[Round "04"]
[TimeControl "180+2"]
[Date "2023.04.04"]
[WhiteClock "0:00:12"]
[BlackClock "0:00:58"]

1. e4 c5 2. Nf3 e6 3. d4 cxd4 4. Nxd4 Nc6 5. Nc3 Qc7 6. Be3 a6 7. Be2 Nf6 8. O-O b5 9. f3 Bb7 10. a3 Bd6 11. f4 Nxd4 12. Bxd4 Bxf4 13. h3 Be5 14. Bf3 O-O 15. Qd2 Rac8 16. Rae1 d6 17. Bxe5 dxe5 18. Re2 Rfd8 19. Qe1 a5 20. Kh1 b4 21. Nb5 Qc5 22. a4 Ba6 23. g4 Bxb5 24. axb5 Qxb5 25. g5 Ne8 26. Bg4 Nd6 27. Ref2 Qc4 28. b3 Qxe4+ 29. Bf3 Qxe1 30. Rxe1 Rc5 31. Rfe2 e4 32. Bxe4 Nxe4 33. Rxe4 Rxc2 34. Re5 g6 35. Rxa5 Rd3 36. Ra8+ Kg7 37. Ra7 Rxh3+ 38. Kg1 Rg3+ 39. Kf1 Rxg5 40. Rxe6 Rf5+ 41. Kg1 h5 42. Rb6 Rf4 43. Rbb7 h4 44. Rb8 h3 45. Raa8 Rg2+ 0-1


[Site "https://www.chess.com"]

[Event "Titled Tuesday Blitz April 4 Late 2023"]
[White "Tyagi, Kushan"]
[Black "Fonseca Manrique, Enrique"]
[WhiteFideId "2040069"]
[BlackFideId "5114330"]
[WhiteElo "2310"]
[BlackElo "2521"]
[Result "1/2-1/2"]
[Round "04"]
[TimeControl "180+2"]
[Date "2023.04.04"]
[WhiteClock "0:00:05"]
[BlackClock "0:00:09"]

1. d4 Nf6 2. c4 c5 3. d5 b5 4. cxb5 a6 5. f3 d6 6. e4 g6 7. Na3 Bg7 8. Ne2 O-O 9. Nc3 e6 10. Be2 Bb7 11. O-O exd5 12. exd5 Re8 13. Bg5 Nbd7 14. Qd2 Qa5 15. Bc4 Qb4 16. bxa6 Bxa6 17. Bxa6 Rxa6 18. Rfe1 Rb8 19. Re2 Ne5 20. Rae1 h5 21. h3 Qd4+ 22. Qxd4 cxd4 23. Ncb5 d3 24. Rd2 Nxd5 25. f4 Nc4 26. Nxc4 Rxb5 27. Rxd3 f6 28. Re8+ Kf7 29. Rd8 fxg5 30. Nxd6+ Rxd6 31. Rxd6 Nxf4 32. Rd7+ Kg8 33. Rd8+ Kh7 34. R3d7 Rf5 35. Re8 h4 36. Ree7 Nh5 37. a4 Kg8 38. b4 Rf4 39. Rb7 Bd4+ 40. Kh2 Ng3 41. Re8+ Rf8 42. Rxf8+ Kxf8 43. a5 Be5 44. a6 Ne2+ 45. Kh1 Ng3+ 46. Kg1 Bd4+ 47. Kh2 Nf1+ 48. Kh1 Ng3+ 49. Kh2 Nf1+ 50. Kh1 Ng3+ 51. Kh2 1/2-1/2


[Site "https://www.chess.com"]

[Event "Titled Tuesday Blitz April 4 Late 2023"]
[White "Perez Rodriguez, Jennifer"]
[Black "Zampronha, Wladimir Camilo"]
[WhiteFideId "3507831"]
[BlackFideId "2103087"]
[WhiteElo "2116"]
[BlackElo "2176"]
[Result "1-0"]
[Round "04"]
[TimeControl "180+2"]
[Date "2023.04.04"]
[WhiteClock "0:00:09"]
[BlackClock "0:00:17"]

1. e4 c5 2. c3 Nf6 3. e5 Nd5 4. Nf3 e6 5. d4 cxd4 6. cxd4 b6 7. Bc4 Bb7 8. O-O d6 9. Qe2 Nd7 10. Bd2 Be7 11. Nc3 Nxc3 12. Bxc3 O-O 13. Rad1 Rc8 14. Bb3 Qc7 15. d5 exd5 16. Bxd5 Bxd5 17. Rxd5 dxe5 18. Nxe5 Nf6 19. Rd3 Rfd8 20. Rfd1 Rxd3 21. Rxd3 Rd8 22. Rxd8+ Bxd8 23. h3 h6 24. Qf3 Qd6 25. Qb7 Qe7 26. Qxe7 Bxe7 27. Nc6 Bc5 28. Nxa7 Ne4 29. Be1 Bd4 30. b3 f5 31. Nc6 Bf6 32. b4 Kf7 33. a4 Ke6 34. a5 bxa5 35. bxa5 Kd7 36. Nb4 Bd4 37. Kf1 Kd6 38. a6 Ba7 39. Ke2 g5 40. f3 Nc5 41. Bf2 Bb6 42. Nd3 Nxd3 43. Bxb6 Nf4+ 44. Kf2 Kc6 45. a7 Kb7 46. Bd4 Ne6 47. Ke3 Nf4 48. g4 fxg4 49. hxg4 h5 50. gxh5 Nxh5 51. Ke4 Nf4 52. Kf5 Nh3 53. Kg4 Nf4 54. Be3 Nd3 55. Kxg5 Ne5 56. f4 Nf3+ 57. Kg4 Ne1 58. f5 Nd3 59. Bd4 Nb4 60. f6 Nc6 61. f7 Nxd4 62. f8=Q Nc6 63. Qc5 Nxa7 64. Kf5 Nc6 65. Ke6 Kc7 66. Kd5 Kb7 67. Qxc6+ Kb8 68. Qd7 1-0


[Site "https://www.chess.com"]

[Event "Titled Tuesday Blitz April 4 Late 2023"]
[White "Lock, Gavin R"]
[Black "Leschinsky, Gary"]
[WhiteFideId "408646"]
[BlackFideId "30951321"]
[WhiteElo "2104"]
[BlackElo "1855"]
[Result "0-1"]
[Round "04"]
[TimeControl "180+2"]
[Date "2023.04.04"]
[WhiteClock "0:00:01"]
[BlackClock "0:01:08"]

1. e4 c6 2. d4 d5 3. exd5 cxd5 4. Bd3 Nc6 5. c3 g6 6. Nf3 Bg7 7. O-O Nh6 8. h3 O-O 9. Re1 f6 10. c4 Nf7 11. Nc3 Nb4 12. cxd5 Nxd5 13. Bc4 Nb6 14. Bb3 a5 15. a4 Re8 16. Bf4 e6 17. Qd2 Bd7 18. Rad1 Rc8 19. d5 e5 20. Be3 Nd6 21. Qe2 f5 22. Ng5 Nbc4 23. Bc1 Qf6 24. Ne6 e4 25. f3 exf3 26. Qxf3 Ne5 27. Qg3 Rxc3 28. bxc3 Ne4 29. Rxe4 fxe4 30. Bg5 Qf5 31. Rf1 Nf3+ 32. gxf3 e3 33. Bxe3 Bxc3 34. Bh6 Be5 35. Qg4 Qd3 0-1


[Site "https://www.chess.com"]